 Dungeon Crawl Stone Soup version 0.26-a0-23-g3ae7099 (webtiles) character file.

Game seed: 18309826861557811878, levelgen mode: deterministic

16600 thirtiethelement the Fighter (level 12, -2/97 HPs)
             Began as a Gnoll Abyssal Knight on May 26, 2020.
             Was a High Priest of Lugonu.
             Slain by a large slime creature (32 damage)
             ... on level 12 of the Dungeon on May 27, 2020.
             The game lasted 00:43:16 (14867 turns).

thirtiethelement the Fighter (GnAK)                Turns: 14867, Time: 00:43:17

Health: -2/97      AC: 21    Str: 20    XL:     12   Next: 39%
Magic:  22/22      EV: 17    Int: 15    God:    Lugonu [*****.]
Gold:   854        SH:  0    Dex: 20    Spells: 19/25 levels left

rFire    . . .     SeeInvis .   E - +1 battleaxe
rCold    . . .     Gourm    .   (shield currently unavailable)
rNeg     . . .     Faith    .   A - +0 acid dragon scales
rPois    .         Spirit   .   k - +0 helmet
rElec    .         Reflect  .   d - +2 cloak
rCorr    +         Harm     .   q - +0 pair of gloves
MR       .....     Rnd*Rage +   f - +2 pair of boots
Stlth    ++++......             u - amulet of magic regeneration
HPRegen  0.26/turn              e - +4 ring of protection
MPRegen  0.43/turn              i - +6 ring of dexterity

@: no status effects
A: distributed training, fangs 1, hooves 2, berserk 1, strong nose
a: Depart the Abyss, Bend Space, Banish, Corrupt, Enter the Abyss, Renounce
Religion


You were on level 12 of the Dungeon.
You worshipped Lugonu.
Lugonu was extremely pleased with you.
You were not hungry.

You visited 2 branches of the dungeon, and saw 13 of its levels.
You visited the Abyss 1 time.

You collected 854 gold pieces.

Inventory:

Hand Weapons
 a - a +2 hand axe
 h - the +7 dagger of Epagegg {flame, rElec rPois Int+3 Dex-3}
   (You found it on level 10 of the Dungeon)

   It has been specially enchanted to burn those struck by it, causing extra
   injury to most foes and up to half again as much damage against particularly
   susceptible opponents.
   It affects your intelligence (+3).
   It affects your dexterity (-3).
   It insulates you from electricity.
   It protects you from poison.
 B - a +0 demon trident of electrocution
 E - a +1 battleaxe (weapon)
Missiles
 m - 41 poisoned darts
 p - 24 boomerangs (quivered)
Armour
 b - a +1 leather armour
 d - a +2 cloak (worn)
 f - a +2 pair of boots (worn)
 k - a +0 helmet (worn)
 q - a +0 pair of gloves (worn)
 A - +0 acid dragon scales (worn)
Jewellery
 e - a +4 ring of protection (left hand)
 i - a +6 ring of dexterity (right hand)
 n - an uncursed ring of flight
 u - an amulet of magic regeneration (around neck)
Wands
 l - a wand of acid (2)
 w - a wand of disintegration (10)
 y - a wand of random effects (18)
 D - a wand of paralysis (9)
Scrolls
 o - 8 scrolls of teleportation
 x - 2 scrolls of blinking
Potions
 g - 2 potions of haste
 j - 2 potions of curing
 r - a potion of stabbing {unknown}
 s - a potion of heal wounds
 t - a potion of ambrosia {unknown}
 v - a potion of berserk rage
 z - 2 potions of brilliance
 C - a potion of magic {unknown}
Comestibles
 c - 6 rations


   Skills:
 + Level 9.7 Fighting
 + Level 7.1 Short Blades
 + Level 7.1 Long Blades
 + Level 8.5 Axes
 + Level 7.1 Maces & Flails
 + Level 7.1 Polearms
 + Level 7.1 Staves
 + Level 7.1 Slings
 + Level 7.1 Bows
 + Level 7.1 Crossbows
 + Level 7.1 Throwing
 + Level 8.5 Armour
 + Level 7.6 Dodging
 + Level 7.1 Stealth
 + Level 7.1 Shields
 + Level 7.1 Unarmed Combat
 + Level 7.1 Spellcasting
 + Level 5.9 Conjurations
 + Level 5.9 Hexes
 + Level 5.9 Charms
 + Level 5.9 Summonings
 + Level 5.9 Necromancy
 + Level 5.9 Translocations
 + Level 5.9 Transmutations
 + Level 5.9 Fire Magic
 + Level 5.9 Ice Magic
 + Level 5.9 Air Magic
 + Level 5.9 Earth Magic
 + Level 5.9 Poison Magic
 + Level 9.1 Invocations
 + Level 7.1 Evocations


You had 19 spell levels left.
You knew the following spells:

 Your Spells              Type           Power        Failure   Level  Hunger
a - Gell's Gravitas       Tloc           ###.......   4%          3    ##.....
b - Portal Projectile     Hex/Tloc       ###...       4%          3    ##.....

Your spell library contained the following spells:

 Spells                   Type           Power        Failure   Level  Hunger
 Dispersal                Tloc           ###.......   91%         6    #######
 Controlled Blink         Tloc           N/A          100%        8    #######
 Disjunction              Tloc           ###.......   100%        8    #######


Dungeon Overview and Level Annotations

Branches:
Dungeon (12/15)            Temple (1/1) D:5            Lair (0/6) D:8
    Orc (0/2) D:11

Altars:
Ashenzari
Cheibriados
Dithmenos
Elyvilon
Fedhas
Gozag
Hepliaklqana
Kikubaaqudgha
Makhleb
Nemelex Xobeh
Okawaru
Qazlal
Ru
Sif Muna
Trog
Uskayaw
Vehumet
Wu Jian
Xom
Yredelemnul
Zin
The Shining One

Shops:
D:5 *   D:10 }   D:11 =


Innate Abilities, Weirdness & Mutations

Your experience applies equally to all skills.
You have very sharp teeth.
Your uncanny sense of smell can sniff out nearby items.
You have hoof-like feet.
You tend to lose your temper in combat.


Message History

You hit the slime creature. Your bite misses the slime creature.
The slime creature is almost dead.
You barely miss the large slime creature.
You slash the iguana!
You kill the iguana!
Lugonu accepts your kill.
The large slime creature closely misses you.
The slime creature closely misses you.
The large slime creature hits you but does no damage.
You barely miss the slime creature.
The slime creature is almost dead.
You slash the large slime creature! The slime creature hits you!
* * * LOW HITPOINT WARNING * * *
The large slime creature hits you but does no damage.
The slime creature hits you but does no damage.
You hit the slime creature.
The slime creature is almost dead.
You slash the large slime creature! You slash the slime creature!
The slime creature misses you. The large slime creature hits you!!
You die...

##### #.# #. .....###.#
#.#####.[...##
#............##
#.#########...## #.
##.....## #.
####.......##.
######J####........<....
......J@....##.......###
.#.###J########.)...##
#. ##...## #. ##.## .. ∆
..# ∆ .# #### ##


You could see a large slime creature and 2 slime creatures.

Vanquished Creatures
  Harold (D:10)
  A hydra (D:12)
  Erica (D:9)
  A two-headed ogre (D:11)
  Sonja (D:11)
  Nergalle (D:11)
  An unseen horror (D:11)
  Pikel (D:9)
  3 manticores (D:11)
  A gargoyle (D:12)
  2 trolls (D:10)
  A hippogriff (D:11)
  A wyvern (D:11)
  A spriggan (D:11)
  10 yaks
  A hungry ghost (D:12)
  3 vampire mosquitoes (D:10)
  An acid dragon (D:10)
  A water moccasin (D:8)
  5 orc warriors
  4 sky beasts
  2 slaves (D:9)
  5 phantoms
  4 ice beasts
  A black bear (D:10)
  3 necrophages
  9 centaurs
  8 ogres
  A crocodile (D:9)
  A big kobold (D:11)
  6 bullfrogs
  A gnoll sergeant (D:8)
  A wyvern zombie (D:7)
  A water moccasin skeleton (D:12)
  2 scorpions
  20 killer bees
  A troll zombie (D:11)
  3 howler monkeys
  2 centaur zombies
  6 crimson imps
  A quasit (D:11)
  6 hounds
  4 jellies
  10 orc wizards
  8 orc priests
  An iron imp (Abyss:3)
  A bullfrog skeleton (D:11)
  6 iguanas
  4 worker ants
  A killer bee zombie (D:8)
  5 ogre zombies (D:11)
  2 hound skeletons
  A howler monkey zombie (D:5)
  4 worker ant zombies
  Robin (D:2)
  8 adders
  10 gnolls
  A shadow imp (D:5)
  A white imp (D:5)
  An ooze (D:3)
  2 worms
  2 dart slugs (D:1)
  5 leopard geckos
  27 orcs
  7 bats
  A giant cockroach (D:3)
  16 goblins
  7 hobgoblins
  15 jackals
  5 quokkas
  2 ball pythons
  4 frilled lizards
  A goblin skeleton (D:11)
  3 goblin zombies
  A hobgoblin skeleton (D:11)
  3 hobgoblin zombies
  8 kobolds
  A kobold skeleton (D:5)
  A kobold zombie (D:5)
  2 orc skeletons
  13 orc zombies (D:11)
  A quokka skeleton (D:7)
  8 rats
330 creatures vanquished.

Vanquished Creatures (others)
  A two-headed ogre (D:8)
  A wyvern (D:8)
  A chaos spawn (Abyss:3)
  An ogre (D:8)
  A centaur (D:8)
  2 bullfrogs (D:8)
  A hound (D:8)
  A worker ant (D:8)
  An orc (D:8)
  A giant cockroach (D:8)
  A jackal (D:8)
12 creatures vanquished.

Grand Total: 342 creatures vanquished

Notes
Turn   | Place    | Note
-------+----------+-------------------------------------------
     0 | Abyss:1  | thirtiethelement the Gnoll Abyssal Knight began the quest
                  | for the Orb.
     0 | Abyss:1  | Reached XP level 1. HP: 23/23 MP: 3/3
    91 | Abyss:2  | Noticed a thrashing horror
   106 | Abyss:3  | Noticed an iron imp
   153 | Abyss:3  | Killed an iron imp
   153 | Abyss:3  | Reached XP level 2. HP: 17/29 MP: 5/5
   153 | Abyss:3  | Reached XP level 3. HP: 20/35 MP: 6/6
   168 | Abyss:3  | Noticed a ynoxinul
   170 | D:1      | Escaped the Abyss
   869 | D:2      | Reached skill level 1 in Short Blades
   869 | D:2      | Reached skill level 1 in Long Blades
   869 | D:2      | Reached skill level 1 in Maces & Flails
   869 | D:2      | Reached skill level 1 in Polearms
   869 | D:2      | Reached skill level 1 in Staves
   869 | D:2      | Reached skill level 1 in Slings
   869 | D:2      | Reached skill level 1 in Bows
   869 | D:2      | Reached skill level 1 in Crossbows
   869 | D:2      | Reached skill level 1 in Throwing
   869 | D:2      | Reached skill level 1 in Stealth
   869 | D:2      | Reached skill level 1 in Shields
   869 | D:2      | Reached skill level 1 in Unarmed Combat
   869 | D:2      | Reached skill level 1 in Spellcasting
   869 | D:2      | Reached skill level 1 in Evocations
   920 | D:2      | Noticed Robin
   922 | D:2      | Reached ** piety under Lugonu
   924 | D:2      | Reached XP level 4. HP: 41/41 MP: 7/7
   938 | D:2      | Killed Robin
  1125 | D:2      | Found a shattered altar of Ashenzari.
  1190 | D:2      | Found a glowing silver altar of Zin.
  1244 | D:2      | Found a shimmering blue altar of Sif Muna.
  1270 | D:2      | Reached skill level 1 in Conjurations
  1270 | D:2      | Reached skill level 1 in Hexes
  1270 | D:2      | Reached skill level 1 in Charms
  1270 | D:2      | Reached skill level 1 in Summonings
  1270 | D:2      | Reached skill level 1 in Necromancy
  1270 | D:2      | Reached skill level 1 in Translocations
  1270 | D:2      | Reached skill level 1 in Transmutations
  1270 | D:2      | Reached skill level 1 in Fire Magic
  1270 | D:2      | Reached skill level 1 in Ice Magic
  1270 | D:2      | Reached skill level 1 in Air Magic
  1270 | D:2      | Reached skill level 1 in Earth Magic
  1270 | D:2      | Reached skill level 1 in Poison Magic
  1525 | D:3      | Found an ornate altar of the Wu Jian Council.
  1623 | D:3      | Found a shimmering altar of Xom.
  1825 | D:3      | Reached XP level 5. HP: 45/47 MP: 8/8
  2539 | D:4      | Reached *** piety under Lugonu
  2642 | D:4      | Reached XP level 6. HP: 39/53 MP: 9/9
  2708 | D:4      | Reached skill level 5 in Invocations
  2984 | D:5      | Entered Level 5 of the Dungeon
  3020 | D:5      | Found a staircase to the Ecumenical Temple.
  3029 | D:5      | Reached skill level 5 in Axes
  3029 | D:5      | Reached skill level 5 in Armour
  3076 | Temple   | Entered the Ecumenical Temple
  3213 | D:5      | Found Qycrypt's General Store.
  3343 | D:5      | Found a glowing golden altar of the Shining One.
  3393 | D:5      | Noticed a phantom
  3453 | D:5      | Killed a phantom
  3453 | D:5      | Reached XP level 7. HP: 47/59 MP: 10/10
  3930 | D:6      | Reached XP level 8. HP: 27/67 MP: 12/12
  4830 | D:6      | Found a burning altar of Makhleb.
  4881 | D:7      | Reached XP level 9. HP: 16/72 MP: 14/14
  5745 | D:7      | Reached **** piety under Lugonu
  6070 | D:7      | Reached skill level 5 in Dodging
  6500 | D:7      | Found a white marble altar of Elyvilon.
  6810 | D:8      | Killed a two-headed ogre
  6819 | D:8      | Found a shimmering altar of Xom.
  7204 | D:8      | Found a shattered altar of Ashenzari.
  7589 | D:8      | Reached XP level 10. HP: 37/80 MP: 15/17
  7902 | D:8      | Found a sparkling altar of Nemelex Xobeh.
  8123 | D:8      | Found a staircase to the Lair.
  8335 | D:9      | Found a stormy altar of Qazlal.
  8475 | D:9      | Reached skill level 5 in Short Blades
  8475 | D:9      | Reached skill level 5 in Long Blades
  8475 | D:9      | Reached skill level 5 in Maces & Flails
  8475 | D:9      | Reached skill level 5 in Polearms
  8475 | D:9      | Reached skill level 5 in Staves
  8475 | D:9      | Reached skill level 5 in Slings
  8475 | D:9      | Reached skill level 5 in Bows
  8475 | D:9      | Reached skill level 5 in Crossbows
  8475 | D:9      | Reached skill level 5 in Throwing
  8475 | D:9      | Reached skill level 5 in Stealth
  8475 | D:9      | Reached skill level 5 in Shields
  8475 | D:9      | Reached skill level 5 in Unarmed Combat
  8475 | D:9      | Reached skill level 5 in Spellcasting
  8475 | D:9      | Reached skill level 5 in Evocations
  8890 | D:9      | Noticed Pikel
  8922 | D:9      | Killed Pikel
  9093 | D:9      | Learned a level 3 spell: Gell's Gravitas
  9097 | D:9      | Learned a level 3 spell: Portal Projectile
  9251 | D:9      | Noticed Erica
  9262 | D:9      | Killed Erica
  9972 | D:9      | Found a blossoming altar of Fedhas.
  9972 | D:9      | Found a snail-covered altar of Cheibriados.
  9974 | D:9      | Found an ancient bone altar of Kikubaaqudgha.
 10022 | D:10     | Entered Level 10 of the Dungeon
 10033 | D:10     | Reached XP level 11. HP: 87/87 MP: 19/19
 10037 | D:10     | Gained mutation: You tend to lose your temper in combat.
                  | [potion of mutation]
 10037 | D:10     | Gained mutation: You have large cloven feet. [potion of
                  | mutation]
 10037 | D:10     | Gained mutation: You have hoof-like feet. [potion of
                  | mutation]
 10067 | D:10     | Noticed Harold
 10080 | D:10     | Reached ***** piety under Lugonu
 10081 | D:10     | Killed Harold
 10679 | D:10     | Reached skill level 5 in Conjurations
 10679 | D:10     | Reached skill level 5 in Hexes
 10679 | D:10     | Reached skill level 5 in Charms
 10679 | D:10     | Reached skill level 5 in Summonings
 10679 | D:10     | Reached skill level 5 in Necromancy
 10679 | D:10     | Reached skill level 5 in Translocations
 10679 | D:10     | Reached skill level 5 in Transmutations
 10679 | D:10     | Reached skill level 5 in Fire Magic
 10679 | D:10     | Reached skill level 5 in Ice Magic
 10679 | D:10     | Reached skill level 5 in Air Magic
 10679 | D:10     | Reached skill level 5 in Earth Magic
 10679 | D:10     | Reached skill level 5 in Poison Magic
 11031 | D:10     | Got a crystal dagger
 11033 | D:10     | Identified the +7 dagger of Epagegg {flame, rElec rPois
                  | Int+3 Dex-3} (You found it on level 10 of the Dungeon)
 11618 | D:10     | Found Tufab's Gadget Shoppe.
 12336 | D:11     | Noticed a manticore
 12342 | D:11     | Killed a manticore
 12448 | D:11     | Found a staircase to the Orcish Mines.
 12449 | D:11     | Noticed Sonja
 12468 | D:11     | Killed Sonja
 12824 | D:11     | Noticed a two-headed ogre
 12825 | D:11     | Noticed a manticore
 12846 | D:11     | Killed a two-headed ogre
 12849 | D:11     | Killed a manticore
 12849 | D:11     | Reached XP level 12. HP: 59/96 MP: 22/22
 13460 | D:11     | Noticed Nergalle
 13480 | D:11     | Killed Nergalle
 13822 | D:11     | Found Oliaw's Jewellery Shop.
 14848 | D:12     | Noticed a five-headed hydra
 14858 | D:12     | Killed an eight-headed hydra
 14867 | D:12     | Slain by a large slime creature

Illustrated notes

Levels and vault maps discovered:
D:1:      minmay_arrival_hallway, layout_basic
D:2:      layout_basic, lemuel_round_altar, zin_statuary, ashenzari_altar_1,
          uniq_robin
D:3:      layout_basic, lemuel_doored_altar, chequers_serial_rivers_marsh,
          lemuel_statue_altar
D:4:      layout_basic
D:5:      layout_basic, nicolae_tso_besieged_by_evil, temple_fountains,
          serial_shops, nicolae_shop_stone, first_ration
D:6:      layout_cave_pools, makhleb_blood_cavern_becter
D:7:      layout_basic, marbit_many_paths
D:8:      layout_loops_ring, xom_confusion_cloud, kennysheep_mini,
          old_standard_altar, lair_entry_dummy
D:9:      layout_roguey, grunt_qazlal_clouds, nicolae_overflow_hidden_temple,
          uniq_erica, uniq_pikel
D:10:     layout_basic, serial_shops, kennysheep_little_box, uniq_harold
D:11:     layout_loops_ring, zombieorc1_lemuel, serial_shops, shop,
          grunt_pizzeria, serial_park_tiny_2, uniq_sonja, uniq_nergalle
D:12:     layout_loops_ring, serial_shops, shop
Temple:   cyrus_temple_forest

Skill      XL: |  1  2  3  4  5  6  7  8  9 10 11 12 |
---------------+-------------------------------------+-----
Short Blades   | 1 2 3 4 5 6 7 |  7.1
Long Blades    | 1 2 3 4 5 6 7 |  7.1
Maces & Flails | 1 2 3 4 5 6 7 |  7.1
Polearms       | 1 2 3 4 5 6 7 |  7.1
Staves         | 1 2 3 4 5 6 7 |  7.1
Slings         | 1 2 3 4 5 6 7 |  7.1
Bows           | 1 2 3 4 5 6 7 |  7.1
Crossbows      | 1 2 3 4 5 6 7 |  7.1
Throwing       | 1 2 3 4 5 6 7 |  7.1
Stealth        | 1 2 3 4 5 6 7 |  7.1
Shields        | 1 2 3 4 5 6 7 |  7.1
Unarmed Combat | 1 2 3 4 5 6 7 |  7.1
Spellcasting   | 1 2 3 4 5 6 7 |  7.1
Evocations     | 1 2 3 4 5 6 7 |  7.1
Conjurations   | 1 2 3 4 5 |  5.9
Hexes          | 1 2 3 4 5 |  5.9
Charms         | 1 2 3 4 5 |  5.9
Summonings     | 1 2 3 4 5 |  5.9
Necromancy     | 1 2 3 4 5 |  5.9
Translocations | 1 2 3 4 5 |  5.9
Transmutations | 1 2 3 4 5 |  5.9
Fire Magic     | 1 2 3 4 5 |  5.9
Ice Magic      | 1 2 3 4 5 |  5.9
Air Magic      | 1 2 3 4 5 |  5.9
Earth Magic    | 1 2 3 4 5 |  5.9
Poison Magic   | 1 2 3 4 5 |  5.9
Dodging        | 3 4 5 6 7 |  7.6
Invocations    | 5 6 7 8 9 |  9.1
Axes           | 5 6 7 8 |  8.5
Armour         | 5 6 7 8 |  8.5
Fighting       | 7 8 9 |  9.7

Action                   |  1- 3 |  4- 6 |  7- 9 | 10-12 || total
-------------------------+-------+-------+-------+-------++-------
Melee: Hand axe          |    65 |   189 |   482 |   294 ||  1030
       Bite              |     7 |    25 |    82 |   127 ||   241
       Punch             |       |     1 |    12 |    11 ||    24
       Battleaxe         |       |       |       |   445 ||   445
Throw: Dart              |       |       |     5 |       ||     5
       Boomerang         |       |       |     2 |       ||     2
Evoke: Wand              |       |       |       |    14 ||    14
  Use: Scroll            |     4 |     4 |     4 |    11 ||    23
       Potion            |       |       |     4 |     3 ||     7
 Stab: Sleeping          |       |     4 |     5 |    10 ||    19
       Distracted        |       |       |       |     3 ||     3
  Eat: Ration            |       |     2 |     4 |     7 ||    13
       Chunk             |       |     3 |     1 |     3 ||     7
Armor: Leather armour    |    23 |    69 |   189 |   112 ||   393
       Acid dragon scale |       |       |       |   206 ||   206
Dodge: Dodged            |    39 |   121 |   382 |   719 ||  1261

Table legend:
 A = Non-vault XP
 B = Vault XP
 C = Vault XP percentage of total XP
 D = Non-vault monster count
 E = Vault monster count
 F = Vault count percentage of total count
                 A         B        C        D         E       F
            +---------+---------+-------+---------+---------+-------
      Total |   18228 |    5487 |  23.1 |     269 |      59 |  18.0
            +---------+---------+-------+---------+---------+-------
        D:1 |      28 |       0 |   0.0 |      14 |       0 |   0.0
        D:2 |      33 |      34 |  50.7 |      17 |      11 |  39.3
        D:3 |      45 |       0 |   0.0 |      17 |       0 |   0.0
        D:4 |     142 |       0 |   0.0 |       7 |       0 |   0.0
        D:5 |     456 |      16 |   3.4 |      10 |       7 |  41.2
        D:6 |    1254 |     142 |  10.2 |      23 |       2 |   8.0
        D:7 |    1291 |      16 |   1.2 |      22 |       1 |   4.3
        D:8 |    1060 |     308 |  22.5 |      31 |       4 |  11.4
        D:9 |    2532 |    1556 |  38.1 |      34 |       2 |   5.6
       D:10 |    4145 |    1007 |  19.5 |      39 |       1 |   2.5
       D:11 |    5380 |    2408 |  30.9 |      48 |      31 |  39.2
       D:12 |    1822 |       0 |   0.0 |       6 |       0 |   0.0
    Abyss:3 |      40 |       0 |   0.0 |       1 |       0 |   0.0
            +---------+---------+-------+---------+---------+-------
